 Dungeon Crawl Stone Soup version 0.18-a0-1637-g109f206 (webtiles) character file.

1520 dohliylev the Covert (level 8, -6/56 HPs)
             Began as a Vampire Enchanter on Mar 26, 2016.
             Was an Initiate of Dithmenos.
             Mangled by a sheep (11 damage)
             ... on level 7 of the Dungeon.
             The game lasted 00:55:52 (5417 turns).

dohliylev the Covert (Vampire Enchanter)            Turns: 5417, Time: 00:55:53

Health: -6/56      AC:  7    Str:  7    XL:     8   Next: 54%
Magic:  0/14       EV: 14    Int: 18    God:    Dithmenos [......]
Gold:   144        SH:  0    Dex: 19    Spells: 5 memorised, 3 levels left

rFire  . . .     SeeInvis +     a - +1 dagger
rCold  . . .     Gourm    .     b - +1 robe
rNeg   . . .     Faith    .     (no shield)
rPois  +         Spirit   .     (no helmet)
rElec  .         Dismiss  .     (no cloak)
rCorr  .         Reflect  .     I - +0 pair of gloves (curse)
SustAt .         Harm     .     f - +2 pair of boots
MR     .....                    (no amulet)
Stlth  ++++++....               t - +3 ring of dexterity
                                y - ring of poison resistance

@: regenerating quickly, not resistant to hostile enchantments, very stealthy
A: fangs 3, see invisible, unbreathing
a: Renounce Religion


You were on level 7 of the Dungeon.
You worshipped Dithmenos.
Dithmenos was noncommittal.
You were full.

You visited 2 branches of the dungeon, and saw 8 of its levels.

You collected 348 gold pieces.
You spent 204 gold pieces at shops.

Inventory:

Hand Weapons
 a - a +1 dagger (weapon)
 z - a +0 blowgun
Missiles
 l - 6 needles of confusion
 A - 7 poisoned needles
Armour
 b - a +1 robe (worn)
 f - a +2 pair of boots (worn)
 I - a cursed +0 pair of gloves (worn)
Jewellery
 t - a +3 ring of dexterity (right hand)
 y - a ring of poison resistance (left hand)
Scrolls
 e - 3 scrolls of remove curse {unknown}
 g - a scroll of blinking {unknown}
 h - a scroll of noise {unknown}
 i - a scroll of enchant armour {unknown}
 j - 2 scrolls of enchant weapon {unknown}
 m - 2 scrolls of fear {unknown}
 p - a scroll of immolation {unknown}
 q - 5 scrolls of identify {unknown}
 r - 5 scrolls of fog {unknown}
 u - a scroll of teleportation {unknown}
 v - 2 scrolls of magic mapping {unknown}
 w - 3 scrolls of recharging {unknown}
Potions
 d - 3 potions of blood
 k - a potion of resistance {unknown}
 n - a potion of agility {unknown}
 o - a potion of brilliance {unknown}
 s - 2 potions of mutation {unknown}
 x - a potion of berserk rage {unknown}
 C - a potion of flight {unknown}
 F - a potion of beneficial mutation {unknown}
 G - 3 potions of heal wounds {unknown}
 H - a potion of degeneration {unknown}
Books
 c - a book of Maledictions

   Spells                             Type                      Level
   a - Corona                         Hexes                        1
   b - Ensorcelled Hibernation        Hexes/Ice                    2
   c - Confuse                        Hexes                        3
   d - Tukima's Dance                 Hexes                        3
   e - Dazzling Spray                 Conjuration/Hexes            3
 B - a book of Summonings

   Spells                             Type                      Level
   a - Recall                         Summoning/Translocation      3
   b - Aura of Abjuration             Summoning                    5
   c - Summon Demon                   Summoning                    5
   d - Summon Forest                  Summoning/Translocation      5
   e - Summon Mana Viper              Hexes/Summoning              5
   f - Shadow Creatures               Summoning                    6


   Skills:
 + Level 1.8 Fighting
 * Level 3.7 Short Blades
 + Level 0.5 Throwing
 + Level 3.7 Dodging
 + Level 11.9 Stealth
 + Level 4.0 Spellcasting
 + Level 6.5 Hexes
 - Level 2.4 Ice Magic


You had 3 spell levels left.
You knew the following spells:

 Your Spells              Type           Power        Failure   Level  Hunger
a - Corona                Hex            ####...      1%          1    None
b - Ensorcelled Hibernat  Hex/Ice        ###...       4%          2    ##.....
c - Tukima's Dance        Hex            ####....     2%          3    ###....
d - Dazzling Spray        Conj/Hex       ###.....     14%         3    ###....
e - Confuse               Hex            ####....     2%          3    ###....


Dungeon Overview and Level Annotations

Branches:
Dungeon (7/15)             Temple (1/1) D:6

Altars:
Ashenzari
Cheibriados
Dithmenos
Elyvilon
Fedhas
Gozag
Kikubaaqudgha
Nemelex Xobeh
Pakellas
Sif Muna
Trog
Vehumet
Xom
Zin

Shops:
D:5 =

Annotations:
D:4 Natasha; yogakurto's ghost, novice HOCK
D:6 Menkaure


Innate Abilities, Weirdness & Mutations

Your natural rate of healing is unusually fast.
You have razor-sharp teeth.
You have supernaturally acute eyesight.
You can survive without breathing.


Message History

You hit the human but do no damage.
The human is heavily wounded.
The sheep misses you. The human closely misses you.
Casting: Corona
Confirm with . or Enter, or press ? or * to list all spells.
Aiming: Corona
Press: ? - help, Shift-Dir - straight line, f - sheep, p - human
Aim: a sheep (chance to defeat MR: 75%)
The sheep barely resists.
The human hits you but does no damage. The sheep misses you.
Casting: Corona
Confirm with . or Enter, or press ? or * to list all spells.
Aiming: Corona
Press: ? - help, Shift-Dir - straight line, f/p - sheep
Aim: a sheep (chance to defeat MR: 75%)
The sheep is outlined in light.
The human hits you with a hand axe!
* * * LOW HITPOINT WARNING * * *
The sheep bites you!
You die...

....>.... ..#
.############
..######............
.........#..........
.........#..........
.........'..........
...#######÷.........
#####.........#####
....#..........Y@#
....#.........##p##
....#.........#...#
....'.[....#####†##
....#......#..#..#
#####......#Y.#..#
########..'..#
#..#.%# #..#%%#


You could see a human and a sheep.

Vanquished Creatures
  Sigmund (D:4)
  A hog (D:7)
  3 ogres
  A phantom (D:4)
  A centaur (D:5)
  2 giant frogs
  A water moccasin zombie (D:5)
  A centaur zombie (D:5)
  A crimson imp (D:5)
  A jelly (D:5)
  2 hounds (D:5)
  An orc priest (D:3)
  An orc wizard (D:5)
  Jessica (D:3)
  5 worker ants
  2 sheep (D:7)
  A hound zombie (D:3)
  3 gnolls (D:4)
  8 adders
  An ooze (D:2)
  An adder skeleton (D:6)
  3 worms
  2 dart slugs (D:3)
  A giant gecko (D:6)
  11 orcs
  7 bats
  6 giant cockroaches
  4 goblins
  14 hobgoblins
  4 jackals
  7 kobolds
  6 quokkas
  11 giant newts
  2 quokka zombies
  10 rats
127 creatures vanquished.

Notes
Turn   | Place    | Note
--------------------------------------------------------------
     0 | D:1      | dohliylev the Vampire Enchanter began the quest for the Orb.
     0 | D:1      | Reached XP level 1. HP: 13/13 MP: 3/3
    88 | D:1      | Reached skill level 5 in Stealth
   113 | D:1      | Reached XP level 2. HP: 14/19 MP: 5/5
   231 | D:1      | Learned a level 2 spell: Ensorcelled Hibernation
   279 | D:1      | Reached skill level 6 in Stealth
   583 | D:1      | Reached XP level 3. HP: 24/24 MP: 3/6
   955 | D:2      | Reached skill level 7 in Stealth
  1036 | D:2      | Found a sparkling altar of Nemelex Xobeh.
  1082 | D:2      | Reached XP level 4. HP: 21/30 MP: 7/7
  1182 | D:2      | Found a deep blue altar of Sif Muna.
  1462 | D:3      | Noticed Jessica
  1586 | D:3      | Found an opulent altar of Gozag.
  1608 | D:3      | Found a blossoming altar of Fedhas.
  1608 | D:3      | Found a white marble altar of Elyvilon.
  1637 | D:3      | Reached skill level 8 in Stealth
  1705 | D:3      | Reached skill level 1 in Ice Magic
  1705 | D:3      | Reached XP level 5. HP: 31/36 MP: 3/8
  1894 | D:3      | Killed Jessica
  1894 | D:3      | Reached skill level 9 in Stealth
  1981 | D:4      | Noticed a phantom
  1986 | D:4      | Killed a phantom
  1986 | D:4      | Reached XP level 6. HP: 42/42 MP: 9/9
  2062 | D:4      | Noticed Natasha
  2064 | D:4      | Noticed yogakurto's ghost (novice HOCK)
  2122 | D:4      | Reached skill level 10 in Stealth
  2486 | D:4      | Noticed Sigmund
  2493 | D:4      | Killed Sigmund
  2493 | D:4      | Reached skill level 1 in Fighting
  2493 | D:4      | Reached skill level 11 in Stealth
  2493 | D:4      | Reached XP level 7. HP: 46/48 MP: 10/10
  2570 | D:5      | Entered Level 5 of the Dungeon
  2585 | D:5      | Found a snail-covered altar of Cheibriados.
  2879 | D:5      | Reached skill level 5 in Hexes
  3119 | D:5      | Found Inevvyca's Jewellery Shop.
  3143 | D:5      | Reached XP level 8. HP: 21/54 MP: 10/12
  3264 | D:5      | Bought a +3 ring of dexterity for 204 gold pieces
  3779 | D:6      | Found a staircase to the Ecumenical Temple.
  3795 | Temple   | Entered the Ecumenical Temple
  3827 | Temple   | Became a worshipper of Dithmenos the Shadowed
  4172 | D:6      | Noticed Menkaure
  4706 | D:6      | Found a snail-covered altar of Cheibriados.
  5279 | D:7      | Learned a level 3 spell: Tukima's Dance
  5283 | D:7      | Learned a level 3 spell: Dazzling Spray
  5287 | D:7      | Learned a level 3 spell: Confuse
  5417 | D:7      | Mangled by a sheep

Vault maps used:
D:1:      dpeg_arrival_three_smaller_balls, serial_curves, eino_curves_01,
          eino_curves_01, minmay_newt_pond
D:2:      lemuel_blue_sif_altar, nemelex_xobeh_ov_fountains_minmay
D:3:      grunt_gozag_breadcrumbs, gammafunk_temple_overflow_statue,
          uniq_jessica
D:4:      first_bread, serial_shops, nicolae_shop_trees, uniq_sigmund,
          uniq_natasha
D:5:      serial_shops, shop, minmay_misc_feat_doors, cheibriados_altar_1
D:6:      nicolae_overflow_crystal_walls, minmay_temple_entry_junction,
          uniq_menkaure
D:7:      grunt_livestock, uniq_duvessa
Temple:   minmay_temple_bridge_d_8

Skill      XL: |  1  2  3  4  5  6  7  8 |
---------------+-------------------------+-----
Stealth        | 5 6 7 8 9 11 | 11.9
Ice Magic      | 1 2 |  2.4
Fighting       | 1 |  1.8
Short Blades   | 3 |  3.7
Hexes          | 5 6 |  6.5
Dodging        | 3 |  3.7
Spellcasting   | 3 4 |  4.0
Throwing       | |  0.5

Action                   |  1- 3 |  4- 6 |  7- 9 || total
-------------------------+-------+-------+-------++-------
Melee: Dagger            |    90 |    98 |   229 ||   417
 Fire: Blowgun           |       |     1 |    12 ||    13
 Cast: Ensorcelled Hiber |    20 |    27 |    39 ||    86
       Corona            |     7 |     5 |    41 ||    53
       Dazzling Spray    |       |       |     2 ||     2
 Abil: End Transformatio |       |       |     4 ||     4
       Bat Form          |       |       |     4 ||     4
  Use: Potion            |       |       |    12 ||    12
 Stab: Sleeping          |    25 |    33 |    26 ||    84
       Distracted        |     1 |       |       ||     1
       Invisible         |       |       |     1 ||     1
